 Dungeon Crawl Stone Soup version 0.30.1-11-g7821555f0a (webtiles) character file.

Game seed: 10196951780838405656

607 comborobin the Basher (level 7, -4/52 HPs)
             Began as a Formicid Delver on Dec 16, 2023.
             Slain by an ogre
             ... wielding a +0 giant club
              (32 damage)
             ... on level 5 of the Dungeon.
             The game lasted 00:03:13 (2994 turns).

comborobin the Basher (Formicid Delver)             Turns: 2994, Time: 00:03:14

Health: -4/52      AC:  5    Str: 18    XL:     7   Next: 71%
Magic:  7/7        EV: 11    Int: 10    God:
Gold:   62         SH:  0    Dex: 15    Spells: 6/6 levels left

rFire   . . .        a - +1 flail (drain)
rCold   . . .        (no shield)
rNeg    . . .        h - +0 ring mail
rPois   .            (helmet unavailable)
rElec   .            (no cloak)
rCorr   .            (no gloves)
SInv    +            (no boots)
Will    .....        (no amulet)
Stlth   +++          (no ring)
HPRegen 0.28/turn    (no ring)
MPRegen 0.10/turn

%: no passive effects
@: no status effects
A: permanent stasis, dig shafts and tunnels, antennae 3, four strong arms
a: Dig, Shaft Self


You were on level 5 of the Dungeon.
You visited 1 branch of the dungeon, and saw 6 of its levels.

You collected 231 gold pieces.
You spent 169 gold pieces at shops.

Inventory:

Hand Weapons
 a - a +1 flail of draining (weapon)
 f - a +1 dagger of venom
 g - a +0 mace
 o - a +0 morningstar
Missiles
 l - a throwing net
Armour
 b - a +0 leather armour
 h - a +0 ring mail (worn)
 q - a +0 scale mail
Jewellery
 m - a ring of ice
Wands
 k - a wand of digging (3)
Scrolls
 c - 2 scrolls of fog
 d - a scroll of magic mapping
 e - a scroll of fear
 i - a scroll of identify {unknown}
 j - 3 scrolls of teleportation {unknown}
 r - a scroll of blinking {unknown}
Potions
 n - a potion of haste {unknown}
 p - a potion of flight
 s - a potion of invisibility {unknown}
 t - a potion of curing


   Skills:
 - Level 3.2 Fighting
 + Level 8.0 Maces & Flails
 - Level 1.7 Dodging
 - Level 6.0 Stealth


You had 6 spell levels left.
You didn't know any spells.
Your spell library contained the following spells:

 Spells                   Type           Power      Damage    Failure   Level
 Sublimation of Blood     Necr           0%         N/A       71%         2
 Petrify                  Tmut/Erth      0%         N/A       100%        4
 Irradiate                Conj/Tmut      0%         3d11      100%        5


Dungeon Overview and Level Annotations

Branches:
Dungeon (6/15)             Temple (0/1) D:5

Altars:
Dithmenos
Gozag
Hepliaklqana
Kikubaaqudgha

Shops:
D:3 *

Annotations:
D:3 1 runed translucent door, PlopperPlops's ghost, amateur HOMo


Innate Abilities, Weirdness & Mutations

You cannot be hasted, slowed, berserked, paralysed or teleported.
You can dig through walls and to a lower floor.
You have a pair of large antennae on your head. (SInv)
Your four strong arms can wield two-handed weapons with a shield.


Message History

No target in view!
An adder comes into view.
The adder hisses angrily.
The adder barely misses you.
An adder is nearby!
An adder is nearby!
An adder is nearby!
You barely miss the adder. The adder closely misses you.
You sock the adder! You drain the adder.
You kill the adder!
No target in view!
No target in view!
No target in view!
No target in view!
No target in view!
You sense a monster nearby.
No target in view!
An ogre comes into view. It is wielding a +0 giant club.
The ogre shouts!
Found a whip.
Found a staircase to the Ecumenical Temple.
An ogre is nearby!
You hit the ogre.
The ogre is lightly wounded.
An orc comes into view. It is wielding a +0 hand axe.
The ogre barely misses you.
There are monsters nearby!
The orc shouts!
You hit the ogre.
The ogre is moderately wounded.
The orc jeers noisily.
An ice beast comes into view.
The ogre hits you with a +0 giant club!!
You barely miss the ogre.
The ogre is moderately wounded.
You hit the ogre.
The ogre is heavily wounded.
The ogre hits you with a +0 giant club!!
Ouch! That really hurt!
You die...

...........)..# #..
..#
############..###
### # #####
###....####
#...####.........#
###'#.........#.##.#
....######.#.##.# #
###.# #.#.##.# #
###.#
#.#.##.##.###.#
###.#
#.#....@O.....#
....+
#.###..........
##### #.#
#.......... #.#
#..#...##.)
....#.#o. .
#.#..#Y...# #..##
...#.. #.. >.....


You could see an ice beast, an ogre and an orc.

Vanquished Creatures
  2 black bears
  A phantom (D:4)
  2 orc priests
  A hound (D:4)
  Terence (D:2)
  An iguana (D:4)
  2 orc wizards (D:2)
  Robin (D:2)
  6 adders
  2 worms (D:3)
  2 dart slugs
  9 orcs
  5 ball pythons
  4 endoplasms
  2 giant cockroaches
  10 goblins
  6 hobgoblins
  12 jackals
  2 quokkas
  3 bats (D:3)
  A frilled lizard (D:2)
  5 kobolds
  5 rats
85 creatures vanquished.

Notes
Turn   | Place    | Note
-------+----------+-------------------------------------------
     0 | D:5      | comborobin the Formicid Delver began the quest for the Orb.
     0 | D:5      | Reached XP level 1. HP: 18/18 MP: 1/1
    16 | D:6      | Noticed an ogre
    69 | D:5      | Noticed a hound
   117 | D:5      | Noticed a black bear
   172 | D:4      | Noticed a black bear
   189 | D:4      | Killed a black bear
   190 | D:4      | Reached skill level 4 in Maces & Flails
   190 | D:4      | Reached XP level 2. HP: 24/24 MP: 2/2
   190 | D:4      | Reached XP level 3. HP: 29/29 MP: 3/3
   190 | D:4      | Reached XP level 4. HP: 35/35 MP: 4/4
   421 | D:3      | Reached XP level 5. HP: 41/41 MP: 5/5
   583 | D:3      | Reached skill level 5 in Maces & Flails
   600 | D:3      | Found an ancient bone altar of Kikubaaqudgha.
   663 | D:3      | Found a runed translucent door.
   666 | D:3      | Noticed PlopperPlops's ghost (amateur HOMo)
   699 | D:3      | Found a hazy altar of Hepliaklqana.
   700 | D:3      | Found an opulent altar of Gozag.
   701 | D:3      | Found a shadowy altar of Dithmenos.
   766 | D:3      | Found Dumime's Assorted Antiques.
   980 | D:2      | Noticed Terence
   983 | D:2      | Killed Terence
  1014 | D:2      | Reached XP level 6. HP: 15/45 MP: 6/6
  1029 | D:2      | Reached skill level 6 in Maces & Flails
  1561 | D:2      | Noticed Robin
  1577 | D:2      | Killed Robin
  2106 | D:3      | Bought a glowing flail for 169 gold pieces
  2237 | D:3      | Found a faded altar of an unknown god.
  2397 | D:4      | Reached XP level 7. HP: 46/52 MP: 7/7
  2443 | D:4      | Reached skill level 7 in Maces & Flails
  2852 | D:5      | Reached skill level 8 in Maces & Flails
  2990 | D:5      | Found a staircase to the Ecumenical Temple.
  2994 | D:5      | Slain by an ogre

Illustrated notes

Levels and vault maps discovered:
D:1:      dpeg_arrival_boxes_within_box, layout_basic
D:2:      cheibrodos_pilgrimage, layout_basic, uniq_robin, uniq_terence
D:3:      layout_rooms, mainiacjoe_overflow_catwalk, minitemple,
          ebering_ghost_sewer_d, serial_shops, shop,
          shapermc_ecumenical_altar_mp_ritualfount
D:4:      layout_gridville
D:5:      layout_loops_ring, minmay_temple_entry_mini_moons,
          minmay_misc_feat_encased
D:6:      layout_loops_corners, vehumet_statue, cheibrodos_sewer_entry_bend

Skill      XL: |  1  2  3  4  5  6  7 |
---------------+----------------------+-----
Maces & Flails | 4 5 6 8 |  8.0
Fighting       | |  3.2
Dodging        | |  1.7
Stealth        | |  6.0

Action                     |  1- 3 |  4- 6 |  7- 9 || total
---------------------------+-------+-------+-------++-------
  Melee: Dagger            |    12 |   108 |       ||   120
         Punch             |       |     2 |       ||     2
         Morningstar       |       |    63 |       ||    63
         Unarmed           |       |    15 |       ||    15
         Flail             |       |    13 |    57 ||    70
Ability: Dig               |       |     1 |       ||     1
    Use: Potion            |     2 |     5 |     2 ||     9
   Stab: Sleeping          |       |     9 |     2 ||    11
 Armour: Ring mail         |    17 |    80 |    47 ||   144
         Skin              |       |    13 |       ||    13
  Dodge: Dodged            |    15 |   130 |    89 ||   234
